 Dungeon Crawl Stone Soup version 0.18-a0-19-g8b99b3a (webtiles) character file.

443 tp1 the Magician (level 6, -4/32 HPs)
             Began as a Deep Elf Wizard on Nov 1, 2015.
             Shot with an arrow by a centaur (13 damage)
             ... on level 5 of the Dungeon.
             The game lasted 00:18:10 (3080 turns).

tp1 the Magician (Deep Elf Wizard)                  Turns: 3080, Time: 00:18:11

Health: -4/32      AC: 10    Str:  4    XL:     6   Next: 71%
Magic:  11/17      EV: 12    Int: 25    God:
Gold:   82         SH:  0    Dex: 13    Spells: 5 memorised, 6 levels left

rFire  . . .     SeeInvis .     q - +4 war axe (venom)
rCold  . . .     Clarity  .     n - +2 robe {rN+}
rNeg   + . .     SustAt   .     (no shield)
rPois  .         Gourm    .     b - +1 hat
rElec  .         Spirit   .     (no cloak)
rCorr  .         Warding  .     (no gloves)
rMut   .         Stasis   +     (no boots)
MR     +....                    t - amulet of stasis
Stlth  ++........               o - ring of protection from magic
                                m - +5 ring of protection

@: very slightly contaminated, somewhat resistant to hostile enchantments,
unstealthy
A: no striking features
a: no special abilities


You were on level 5 of the Dungeon.
You were not hungry.

You visited 1 branch of the dungeon, and saw 5 of its levels.

You collected 82 gold pieces.

Inventory:

Hand Weapons
 q - a +4 war axe of venom (weapon)
 r - a +0 dagger
 w - a +0 rapier
Armour
 a - a +0 robe
 b - a +1 hat (worn)
 n - a +2 robe of positive energy (worn)
Jewellery
 m - a +5 ring of protection (left hand)
 o - a ring of protection from magic (right hand)
 t - an amulet of stasis (around neck)
Scrolls
 g - a scroll of recharging
 h - 2 scrolls of remove curse
 i - a scroll of enchant weapon
 x - a scroll of identify
Potions
 f - a potion of magic {unknown}
 j - 2 potions of haste
 k - a potion of brilliance {unknown}
 l - a potion of agility {unknown}
 p - 2 potions of curing {unknown}
Books
 c - a book of Minor Magic

   Spells                             Type                      Level
   a - Magic Dart                     Conjuration                  1
   b - Blink                          Translocation                2
   c - Call Imp                       Summoning                    2
   d - Repel Missiles                 Charms/Air                   2
   e - Slow                           Hexes                        2
   f - Conjure Flame                  Conjuration/Fire             3
   g - Mephitic Cloud                 Conjuration/Poison/Air       3
Comestibles
 d - 3 bread rations
 s - 3 fruits
 u - 7 chunks of flesh
 v - 4 meat rations


   Skills:
 - Level 1.0 Axes
 - Level 2.4 Dodging
 - Level 2.4 Stealth
 - Level 6.2 Spellcasting
 - Level 5.1 Conjurations
 - Level 1.1 Summonings
 - Level 1.1 Translocations
 - Level 1.2 Fire Magic
 - Level 1.7 Air Magic
 + Level 2.6 Poison Magic


You had 6 spell levels left.
You knew the following spells:

 Your Spells              Type           Power        Failure   Level  Hunger
a - Magic Dart            Conj           ####         1%          1    None
b - Conjure Flame         Conj/Fire      ###.....     8%          3    None
c - Mephitic Cloud        Conj/Pois/Air  ###.....     8%          3    None
d - Blink                 Tloc           N/A          10%         2    None
e - Call Imp              Summ           ##......     10%         2    None


Dungeon Overview and Level Annotations

Branches:
Dungeon (5/15)
 Temple: D:4-7

Altars:
Ashenzari

Annotations:
D:4 Dowan, Duvessa, Edmund, Grinder


Message History

The orc closely misses you.
Casting: Magic Dart
Confirm with . or Enter, or press ? or * to list all spells.
Aiming: Magic Dart
Press: ? - help, Shift-Dir - straight line, f/p - orc
Aim: an orc, wielding an enchanted flail (moderately wounded)
The magic dart hits the orc.
You kill the orc!
The centaur wields a shortbow.
The centaur shoots an arrow.
The arrow barely misses you.
You start resting.
Casting: Magic Dart
Confirm with . or Enter, or press ? or * to list all spells.
Aiming: Magic Dart
Press: ? - help, Shift-Dir - straight line, f - centaur
Aim: a centaur, wielding a shortbow The magic dart hits the centaur.
The centaur is lightly wounded.
The centaur shoots an arrow.
The arrow hits you!
You die...

#.....#.....
#........#
#.....<..####.
######c.......
###)..####..
#####...###
#...c.#######
#....#.......
#....@.######
#....###
#(...# #....#
#....# #....#
######


You could see a centaur.

Vanquished Creatures
  2 ogres
  An orc priest (D:4)
  A giant frog skeleton (D:4)
  3 worker ants
  5 adders
  6 giant geckos (D:3)
  7 orcs
  5 goblins
  10 hobgoblins
  2 quokkas
  10 bats
  6 giant cockroaches
  2 giant newts
  9 kobolds
  9 rats
78 creatures vanquished.

Notes
Turn   | Place    | Note
--------------------------------------------------------------
     0 | D:1      | tp1 the Deep Elf Wizard began the quest for the Orb.
     0 | D:1      | Reached XP level 1. HP: 10/10 MP: 7/7
   275 | D:1      | Reached XP level 2. HP: 15/15 MP: 1/9
   734 | D:1      | Reached XP level 3. HP: 19/19 MP: 3/10
   739 | D:1      | Learned a level 3 spell: Conjure Flame
   743 | D:1      | Learned a level 3 spell: Mephitic Cloud
   746 | D:1      | Learned a level 2 spell: Blink
  1357 | D:2      | Reached XP level 4. HP: 24/24 MP: 10/12
  1361 | D:2      | Learned a level 2 spell: Call Imp
  2086 | D:3      | Reached skill level 5 in Conjurations
  2189 | D:3      | Noticed an ogre
  2208 | D:3      | Killed an ogre
  2208 | D:3      | Reached skill level 5 in Spellcasting
  2208 | D:3      | Reached XP level 5. HP: 28/28 MP: 0/15
  2350 | D:3      | Reached skill level 6 in Spellcasting
  2694 | D:4      | Reached skill level 1 in Axes
  2708 | D:4      | Reached skill level 1 in Fire Magic
  2708 | D:4      | Reached XP level 6. HP: 32/32 MP: 5/17
  2741 | D:4      | Found a shattered altar of Ashenzari.
  2804 | D:4      | Reached skill level 1 in Air Magic
  2948 | D:4      | Noticed Edmund
  3057 | D:4      | Noticed Dowan
  3058 | D:4      | Noticed Duvessa
  3062 | D:4      | Noticed Grinder
  3068 | D:5      | Entered Level 5 of the Dungeon
  3080 | D:5      | Shot with an arrow by a centaur

Vault maps used:
D:1:      lightli_iron_boxes, minmay_crystal_water
D:2:      first_bread, glass_columns_b
D:3:      minmay_ruptured
D:4:      ashenzari_conservatory_becter, uniq_crazy_yiuf_cottage, uniq_edmund,
          uniq_duvessa, uniq_grinder
D:5:      serial_shops, shop

Action                   |  1- 3 |  4- 6 || total
-------------------------+-------+-------++-------
Melee: War axe           |     2 |    14 ||    16
 Cast: Magic Dart        |    69 |   111 ||   180
       Conjure Flame     |       |     2 ||     2
  Use: Scroll            |       |     8 ||     8
 Stab: Sleeping          |       |     2 ||     2
  Eat: Chunk             |     1 |     5 ||     6
